 Dungeon Crawl Stone Soup version 0.28.0-53-g5a82cb258f (webtiles) character file.

Game seed: 15496871614230721279

27 Kaptain the Digger (level 3, -3/20 HPs)
             Began as a Gargoyle Earth Elementalist on July 14, 2022.
             Slain by Sigmund
             ... wielding a +0 scythe
              (10 damage)
             ... on level 2 of the Dungeon.
             The game lasted 00:03:02 (1034 turns).

Kaptain the Digger (Gargoyle Earth Elementalist)    Turns: 1034, Time: 00:03:03

Health: -3/20      AC:  7    Str: 11    XL:     3   Next: 10%
Magic:  2/6        EV: 11    Int: 17    God:
Gold:   16         SH:  0    Dex: 10    Spells: 2/6 levels left

rFire   + . .      SeeInvis .   g - +0 dagger (speed)
rCold   . . .      Faith    .   (no shield)
rNeg    + . .      Spirit   .   e - +0 leather armour
rPois   ∞          Reflect  .   (no helmet)
rElec   +          Harm     .   (no cloak)
rCorr   .          Rampage  .   d - +0 pair of gloves
Will    .....                   (no boots)
Stlth   ++........              (no amulet)
HPRegen 0.06/turn               b - ring of protection from fire
MPRegen 0.10/turn               (no ring)

@: on berserk cooldown, attractive, flying, slowed, very slow
A: sickness immunity, AC +3, negative energy resistance 1, electricity
resistance, torment resistance 1, petrification resistance
a: no special abilities


You were on level 2 of the Dungeon.
You visited 1 branch of the dungeon, and saw 2 of its levels.

You collected 16 gold pieces.

Inventory:

Hand Weapons
 a - a +0 hunting sling
 g - a +0 dagger of speed (weapon)
Missiles
 c - 44 stones
Armour
 d - a +0 pair of gloves (worn)
 e - a +0 leather armour (worn)
Jewellery
 b - a ring of protection from fire (left hand)


   Skills:
 * Level 1.1 Fighting
 + Level 0.6 Armour
 - Level 1.5 Dodging
 + Level 2.4 Stealth
 * Level 2.2 Spellcasting
 * Level 1.0 Conjurations
 - Level 0.7 Transmutations
 * Level 3.9 Earth Magic


You had 2 spell levels left.
You knew the following spells:

 Your Spells              Type           Power      Damage    Failure   Level
a - Sandblast             Erth           30%        2d9       4%          1
b - Stone Arrow           Conj/Erth      20%        3d8       26%         3

Your spell library contained the following spells:

 Spells                   Type           Power      Damage    Failure   Level
 Passwall                 Tmut/Erth      7%         N/A       14%         2
 Petrify                  Tmut/Erth      9%         N/A       67%         4


Dungeon Overview and Level Annotations

Branches:
Dungeon (2/15)

Altars:

Annotations:
D:2 Sigmund


Innate Abilities, Weirdness & Mutations

You are immune to sickness and miasma.
Your stone body is resilient. (AC +3)
You are immune to poison.
You resist negative energy. (rN+)
You are resistant to electric shocks. (rElec)
You are resistant to unholy torment.
You are immune to petrification.


Message History

A magic dart appears from out of thin air!
The magic dart hits you!
It was a potion of attraction.
You feel attractive to monsters. Something is attracted toward you.
Unknown command.
It was a potion of flight.
You feel very buoyant.
You fly up into the air.
Something hits you!
* * * LOW HITPOINT WARNING * * *
It was a potion of berserk rage.
A red film seems to cover your vision as you go berserk!
You feel yourself moving faster!
You feel mighty!
You completely miss something. Something hits you.
* * * LOW HITPOINT WARNING * * *
Unknown command.
You are too berserk!
You feel less confused. Something is attracted toward you.
You feel a strong urge to attack something.
You hear some strange, mumbled words.
You are confused.
Something is attracted toward you. Something hits you but does no damage.
Something is attracted toward you.
You closely miss something.
You are no longer berserk.
You are exhausted.
You feel yourself slow down.
It was a potion of heal wounds.
You feel much better.
You hear some strange, mumbled words.
A puff of flame appears from out of thin air!
The puff of flame hits you. You resist. Something hits you.
You closely miss something. Something hits you but does no damage.
Something hits you! Something is attracted toward you.
You bump into the rock wall.
You feel less confused. Something hits you!
Ouch! That really hurt!
You die...

#.# ..# #########
#####.### #.......#
#.. ....# #.#####.#
#.# #.#.# #
#.#...#.####@###.#.#
..
#.#.#.........§....#
#.#
#.#...#.####..#....#
#.# #.##.##.#
#.#.....######.###
#......<#
#.###.............
####.####
#.###.#.###....##.
#.#
#.......##.....##
#.##
#####'###.......#.
#..#
##...##.........


There were no monsters in sight!

Vanquished Creatures
  3 goblins (D:1)
  4 hobgoblins (D:1)
  3 kobolds (D:1)
  2 quokkas (D:1)
  2 ball pythons (D:1)
  4 bats (D:1)
  A frilled lizard (D:1)
  6 rats (D:1)
25 creatures vanquished.

Notes
Turn   | Place    | Note
-------+----------+-------------------------------------------
     0 | D:1      | Kaptain the Gargoyle Earth Elementalist began the quest for
                  | the Orb.
     0 | D:1      | Reached XP level 1. HP: 10/10 MP: 3/3
   327 | D:1      | Reached XP level 2. HP: 16/16 MP: 1/5
   581 | D:1      | Reached skill level 1 in Fighting
   633 | D:1      | Reached XP level 3. HP: 15/20 MP: 1/6
   637 | D:1      | Learned a level 3 spell: Stone Arrow
   639 | D:1      | Reached skill level 1 in Conjurations
  1003 | D:2      | Noticed Sigmund
  1034 | D:2      | Slain by Sigmund

Illustrated notes

Levels and vault maps discovered:
D:1:      scummos_arrival_checkerplants, layout_loops_ring
D:2:      layout_loops_corners, uniq_natasha, uniq_sigmund, uniq_terence

Skill      XL: |  1  2  3 |
---------------+----------+-----
Fighting       | 1 |  1.1
Conjurations   | 1 |  1.0
Armour         | |  0.6
Dodging        | |  1.5
Stealth        | |  2.4
Spellcasting   | |  2.2
Transmutations | |  0.7
Earth Magic    | |  3.9

Action                   || total
-------------------------++-------
Melee: Dagger            ||    47
 Cast: Sandblast         ||    22
       Stone Arrow       ||     1
  Use: Potion            ||     4
Armor: Leather armour    ||    15
Dodge: Dodged            ||    23
